 Dungeon Crawl Stone Soup version 0.21-a0-185-g3a6ed1e (webtiles) character file.

4684 Lavandula the Cleaver (level 10, -6/63 HPs)
             Began as a Formicid Artificer on Aug 11, 2017.
             Was a Follower of Hepliaklqana.
             Killed from afar by Erolcha (11 damage)
             ... with a wand of acid (?/15)
             ... on level 10 of the Dungeon.
             The game lasted 00:42:17 (6881 turns).

Lavandula the Cleaver (Formicid Artificer)          Turns: 6881, Time: 00:42:18

Health: -6/63      AC: 10    Str: 19      XL:     10   Next: 72%
Magic:  21/21      EV: 13    Int: 12 (13) God:    Hepliaklqana [*.....]
Gold:   550        SH:  0    Dex: 14      Spells: 7/9 levels left

rFire    + . .     SeeInvis +   v - +2 dagger (venom)
rCold    + . .     Gourm    .   (no shield)
rNeg     + . .     Faith    .   X - +0 ring mail (curse)
rPois    .         Spirit   .   (helmet unavailable)
rElec    .         Reflect  .   M - scarf {rC+ rF+}
rCorr    .         Harm     .   h - +0 pair of gloves
MR       +....                  r - +1 pair of boots
Stlth    +.........             (no amulet)
HPRegen  0.20/turn              w - ring of magical power
MPRegen  0.17/turn              P - ring of positive energy

@: no status effects
A: permanent stasis, dig shafts and tunnels, four strong arms, reduced essence,
antennae 3, fangs 1, hooves 1, yellow scales 1, blurry vision 1, clever 1,
deterioration 1, strong 1, no potion heal 1, subdued magic 1
a: Dig, Shaft Self, Recall Ancestor, Ancestor Identity, Renounce Religion


You were on level 10 of the Dungeon.
You worshipped Hepliaklqana.
Hepliaklqana was aware of your devotion.
You were not hungry.

You visited 2 branches of the dungeon, and saw 11 of its levels.

You collected 550 gold pieces.

Inventory:

Hand Weapons
 s - a +2 dagger of protection
 v - a +2 dagger of venom (weapon)
 A - a -3 hand axe
 B - a +2 dagger of venom
 I - a +2 hand axe of electrocution
 L - a +1 flail of holy wrath
 U - a +0 blowgun
Missiles
 J - a throwing net (quivered)
 V - 5 tomahawks
 W - 29 poisoned needles
Armour
 a - a +0 ring mail
 b - a +0 leather armour
 h - a +0 pair of gloves (worn)
 r - a +1 pair of boots (worn)
 u - a -2 chain mail
 E - a +2 robe of magic resistance
 M - a scarf of resistance (worn)
 X - a cursed +0 ring mail (worn)
Jewellery
 w - a ring of magical power (left hand)
 P - a ring of positive energy (right hand)
Wands
 c - a wand of flame (5/48)
 d - a wand of enslavement (11/24)
 e - a wand of random effects (2/48)
 m - a wand of acid (7/15)
 q - a wand of flame (20/48)
 K - a wand of flame (19/48)
 N - a wand of digging (11/24)
Scrolls
 n - 3 scrolls of magic mapping
 x - 2 scrolls of amnesia
 y - a scroll of fear {unknown}
 C - a scroll of remove curse
 G - a scroll of fog {unknown}
Potions
 g - 5 potions of agility
 i - 4 potions of heal wounds
 k - 2 potions of degeneration {unknown}
 o - 3 potions of berserk rage
 p - a potion of brilliance {unknown}
 z - a potion of magic
 H - 2 potions of might {unknown}
 R - a potion of lignification {unknown}
 S - a potion of invisibility {unknown}
 T - a potion of resistance {unknown}
Books
 j - a book of Minor Magic

   Spells                             Type                      Level
   a - Magic Dart                     Conjuration                  1
   b - Blink                          Translocation                2
   c - Call Imp                       Summoning                    2
   d - Slow                           Hexes                        2
   e - Conjure Flame                  Conjuration/Fire             3
   f - Mephitic Cloud                 Conjuration/Poison/Air       3
Comestibles
 f - 9 bread rations
 l - 2 meat rations
 t - 2 royal jellies
 O - 3 fruits


   Skills:
 - Level 4.1 Fighting
 - Level 8.0 Short Blades
 + Level 10.7 Axes
 - Level 5.2 Dodging
 - Level 1.2 Stealth
 - Level 3.2 Evocations


You had 7 spell levels left.
You knew the following spells:

 Your Spells              Type           Power        Failure   Level  Hunger
a - Call Imp              Summ           #.......     61%         2    ###....


Dungeon Overview and Level Annotations

Branches:
Dungeon (10/15)            Temple (1/1) D:7
   Lair: D:8-11         Orc: D:9-12

Altars:
Ashenzari
Cheibriados
Elyvilon
Fedhas
Gozag
Hepliaklqana
Makhleb
Nemelex Xobeh
Qazlal
Ru
Sif Muna
Trog
Uskayaw
Vehumet
Xom
Yredelemnul
Zin
The Shining One

Annotations:
D:4 Menkaure
D:10 Erolcha


Innate Abilities, Weirdness & Mutations

You cannot be hasted, slowed, berserked, paralysed or teleported.
You can dig through walls and to a lower floor.
Your four strong arms can wield two-handed weapons with a shield.
You have a pair of large antennae on your head. (SInv)
Your life essence is reduced to manifest your ancestor. (-10% HP)
You have very sharp teeth.
You have large cloven feet.
You are partially covered in yellow scales. (AC +2)
Scrolls take you a little longer to read.
Your mind is acute. (Int +2)
Your body sometimes deteriorates upon taking damage.
Your muscles are strong. (Str +2)
Potions are less effective at restoring your health.
Your spells are a little easier to cast, but a little less powerful.


Message History

Erolcha seems to speed up.
This wand has 3 charges left.
Erolcha casts a spell at you.
The fireball explodes!
The fireball engulfs you! You resist.
Edwyna hits Erolcha.
Unknown command.
Evoke which item? (* to show all) (? for menu, Esc to quit)
Aiming: Random Effects
Press: ? - help, Shift-Dir - straight line, f/p - Erolcha
Aim: Erolcha, wielding a giant spiked club, wearing a robe and carrying a wand of acid (?/15) {zapped: 2} (heavily wounded, fast) Erolcha flickers and vanishes for a moment.
This wand has 2 charges left.
Erolcha growls.
Erolcha zaps a wand.
The bolt of acid hits you!
You are splashed with acid!
The acid burns!
Erolcha gestures at you while chanting. The orb of energy hits you!
* * * LOW HITPOINT WARNING * * *
Your body deteriorates!
You feel dopey.
Erolcha zaps a wand.
The bolt of acid hits you!
You die...

#.#
#..####R........(....###
##.#
#..........########.o###
#..####...###.##.#
#.........
##......R.....# .#
#.###..###
######...##### .# #.
#.## ##.## # ##. #..#
#{# .. #..#
######.###### #.###..#
#......O...@# #......
#.####.####.# #..##.#
#.# #.# #.# #..##.####
#.# #.# #.# #...†.....
#.# #.# #.# #.........
#.#
#.####.########.##.###.
#..
.................##.....
###
########################


You could see Erolcha (invisible).

Vanquished Creatures
  A two-headed ogre (D:9)
  Pikel (D:5)
  A hungry ghost (D:10)
  A water moccasin (D:8)
  An orc warrior (D:7)
  4 sky beasts
  A slave (D:5)
  2 black bears
  A phantom (D:6)
  3 ogres
  2 centaurs
  A big kobold (D:8)
  3 bullfrogs
  A scorpion (D:9)
  A howler monkey (D:6)
  3 crimson imps
  A quasit (D:10)
  2 bullfrog zombies
  2 centaur skeletons
  3 hounds
  6 orc wizards
  9 orc priests
  A bullfrog skeleton (D:7)
  2 iguanas
  5 worker ants
  A hound zombie (D:5)
  A hound skeleton (D:4)
  3 worker ant zombies
  2 adders
  3 gnolls (D:6)
  2 shadow imps (D:6)
  An adder zombie (D:8)
  5 worms
  5 leopard geckos
  29 orcs
  5 bats
  A giant cockroach (D:4)
  7 goblins
  A hobgoblin (D:3)
  11 jackals
  7 quokkas
  2 ball pythons
  2 frilled lizards (D:2)
  14 kobolds
  A leopard gecko skeleton (D:6)
  A leopard gecko zombie (D:5)
  3 rats
165 creatures vanquished.

Vanquished Creatures (collateral kills)
  A hungry ghost (D:7)
  A black bear (D:9)
  A big kobold (D:9)
  A scorpion (D:9)
  A centaur zombie (D:10)
  A jelly (D:8)
  3 orc wizards
  A worker ant (D:9)
  A river rat (D:8)
  5 orcs
  A quokka (D:8)
  2 kobolds (D:9)
19 creatures vanquished.

Vanquished Creatures (others)
  A centaur skeleton (D:10)
  An orc priest (D:4)
  An orc wizard (D:4)
  7 ancestors
  A bush (D:6)
11 creatures vanquished.

Grand Total: 195 creatures vanquished

Notes
Turn   | Place    | Note
-------+----------+-------------------------------------------
     0 | D:1      | Lavandula the Formicid Artificer began the quest for the Orb.
     0 | D:1      | Reached XP level 1. HP: 15/15 MP: 3/3
   100 | D:1      | Found a shattered altar of Ashenzari.
   291 | D:1      | Reached XP level 2. HP: 7/21 MP: 4/4
   548 | D:2      | Reached XP level 3. HP: 23/26 MP: 5/5
   654 | D:2      | Found a radiant altar of Vehumet.
   659 | D:2      | Found a deep blue altar of Sif Muna.
   661 | D:2      | Found a snail-covered altar of Cheibriados.
   950 | D:3      | Found a shimmering altar of Xom.
  1054 | D:3      | Reached XP level 4. HP: 21/32 MP: 6/6
  1587 | D:4      | Reached XP level 5. HP: 18/37 MP: 7/7
  1672 | D:3      | Learned a level 2 spell: Call Imp
  2003 | D:4      | Reached skill level 5 in Short Blades
  2100 | D:4      | Reached XP level 6. HP: 37/43 MP: 8/8
  2234 | D:5      | Entered Level 5 of the Dungeon
  2254 | D:5      | Noticed an ogre
  2279 | D:5      | Killed an ogre
  2279 | D:5      | Reached XP level 7. HP: 15/48 MP: 9/9
  2517 | D:4      | Found a glowing golden altar of the Shining One.
  2554 | D:4      | Noticed Menkaure
  3006 | D:5      | Noticed Pikel
  3036 | D:5      | Killed Pikel
  3036 | D:5      | Reached skill level 5 in Dodging
  3036 | D:5      | Reached XP level 8. HP: 40/54 MP: 10/10
  3546 | D:6      | Reached XP level 9. HP: 32/65 MP: 11/11
  3550 | D:6      | Gained mutation: Scrolls take you a little longer to read. [mutagenic meat]
  3551 | D:6      | Gained mutation: Armour fits poorly on your strangely shaped body. [mutagenic meat]
  3552 | D:6      | Gained mutation: Your spells are a little easier to cast, but a little less powerful. [mutagenic meat]
  3554 | D:6      | Lost mutation: Armour fits poorly on your strangely shaped body. [mutagenic meat]
  3814 | D:6      | Reached skill level 1 in Axes
  3972 | D:6      | Reached skill level 2 in Axes
  3985 | D:6      | Found a blossoming altar of Fedhas.
  4045 | D:6      | Found a sacrificial altar of Ru.
  4092 | D:6      | Reached skill level 3 in Axes
  4114 | D:6      | Gained mutation: Your muscles are strong. (Str +2) [mutagenic meat]
  4115 | D:6      | Gained mutation: You have very sharp teeth. [mutagenic meat]
  4116 | D:6      | Gained mutation: Your flesh is cold resistant. (rC+) [mutagenic meat]
  4117 | D:6      | Lost mutation: Your flesh is cold resistant. (rC+) [mutagenic meat]
  4118 | D:6      | Gained mutation: Potions are less effective at restoring your health. [mutagenic meat]
  4131 | D:6      | Found a hide-covered altar of Uskayaw.
  4196 | D:7      | Reached skill level 4 in Axes
  4433 | D:7      | Found a staircase to the Ecumenical Temple.
  4442 | Temple   | Entered the Ecumenical Temple
  4470 | Temple   | Became a worshipper of Hepliaklqana the Forgotten
  4509 | D:7      | Reached skill level 5 in Axes
  4751 | D:7      | Reached skill level 6 in Axes
  5010 | D:8      | Noticed a death yak
  5012 | D:8      | Noticed a death yak
  5020 | D:8      | Noticed a death yak
  5184 | D:8      | Reached skill level 7 in Axes
  5490 | D:9      | Reached XP level 10. HP: 48/63 MP: 12/12
  5507 | D:9      | Noticed a two-headed ogre
  5746 | D:10     | Entered Level 10 of the Dungeon
  5755 | D:10     | Reached skill level 8 in Axes
  5812 | D:10     | Gained mutation: You are partially covered in yellow scales. (AC +2) [mutagenic meat]
  5813 | D:10     | Gained mutation: You have large cloven feet. [mutagenic meat]
  5814 | D:10     | Gained mutation: Your body sometimes deteriorates upon taking damage. [mutagenic meat]
  5815 | D:10     | Gained mutation: Your mind is acute. (Int +2) [mutagenic meat]
  5913 | D:10     | Noticed Erolcha
  5982 | D:9      | Reached skill level 9 in Axes
  6077 | D:9      | Noticed a two-headed ogre
  6143 | D:8      | Reached * piety under Hepliaklqana
  6437 | D:9      | Killed a two-headed ogre
  6437 | D:9      | Reached skill level 10 in Axes
  6881 | D:10     | Killed from afar by Erolcha

Vault maps used:
D:1:      dpeg_arrival_tiny_a, serial_glass, glass_columns_a, glass_columns_a,
          glass_columns_a, glass_columns_a, glass_columns_c, glass_columns_a,
          due_unseen_surprise, minmay_strange_pillars, ashenzari_altar_1
D:2:      minmay_kobold_bridge, gammafunk_temple_overflow_forgotten
D:3:      overflow_temple_1_default, grunt_ministairs_3,
          kennysheep_cluttered_room
D:4:      overflow_temple_1_default, minmay_stone_trees_small, uniq_menkaure
D:5:      first_bread, dk_vineyard_1, hangedman_abyss_or_decor_lesser_grid,
          minmay_misc_feat_chi, grunt_ministairs_13, uniq_pikel
D:6:      lemuel_round_altar, lemuel_round_altar, fountainhead,
          fedhas_bush_and_centaur_altar
D:7:      temple_pool_b
D:8:      dpeg_lair_monsters, mrwooster_statue_mirror, hangedman_ranch
D:10:     nooodl_food_tri, uniq_erolcha
Temple:   regret_index_temple_waves

Skill      XL: |  1  2  3  4  5  6  7  8  9 10 |
---------------+-------------------------------+-----
Short Blades   | 2 3 4 5 6 7 8 |  8.0
Dodging        | 5 |  5.2
Fighting       | 4 |  4.1
Axes           | 7 10 | 10.7
Stealth        | |  1.2
Evocations     | |  3.2

Action                   |  1- 3 |  4- 6 |  7- 9 | 10-12 || total
-------------------------+-------+-------+-------+-------++-------
Melee: Short sword       |    27 |       |       |       ||    27
       Hand axe          |    11 |     2 |    20 |    34 ||    67
       Dagger            |   108 |   156 |   397 |    82 ||   743
       War axe           |     7 |       |       |       ||     7
       Bite              |       |       |    12 |    17 ||    29
       Flail             |       |       |       |     5 ||     5
Invok: Recall Ancestor   |       |       |     3 |     1 ||     4
 Abil: Dig               |     3 |       |     4 |     9 ||    16
Evoke: Wand              |     1 |     9 |     9 |     8 ||    27
  Use: Potion            |     1 |     2 |       |       ||     3
       Scroll            |     5 |     4 |     3 |     3 ||    15
 Stab: Sleeping          |     1 |       |     1 |     2 ||     4
       Distracted        |       |       |     2 |     3 ||     5
       Paralysed         |       |       |       |     2 ||     2
  Eat: Chunk             |       |     5 |    20 |    12 ||    37
Armor: Leather armour    |    15 |       |       |       ||    15
       Ring mail         |    39 |    46 |    24 |    15 ||   124
       Chain mail        |       |     9 |       |       ||     9
       Robe              |       |       |    43 |    12 ||    55
Dodge: Dodged            |   103 |    58 |   181 |    63 ||   405
